 Dungeon Crawl Stone Soup version 0.21-a0-51-gea492e9 (webtiles) character file.

1901 grindst0ne the Archer (level 8, -10/75 HPs)
             Began as a Centaur Hunter on June 12, 2017.
             Blown up by a great orb of eyes (37 damage)
             ... with a disintegration bolt
             ... on level 3 of the Dungeon.
             The game lasted 00:20:10 (9986 turns).

grindst0ne the Archer (Centaur Hunter)              Turns: 9986, Time: 00:20:11

Health: -10/75     AC:  5    Str: 14    XL:     8   Next: 94%
Magic:  3/8        EV: 10    Int: 10    God:
Gold:   251        SH:  0    Dex: 19    Spells: 5/7 levels left

rFire    . . .     SeeInvis .   b - +0 war axe
rCold    . . .     Gourm    .   (no shield)
rNeg     + . .     Faith    .   c - +0 leather armour
rPois    .         Spirit   .   (no helmet)
rElec    .         Reflect  .   l - +0 cloak
rCorr    .         Harm     .   (no gloves)
MR       .....                  (no barding)
Stlth    +.........             (no amulet)
Regen    0.3/turn               h - +6 ring of dexterity
MPRegen  0.2/turn               z - ring of positive energy

@: very quick
A: hooves 3, deformed body, speed 2, tough skin 3
a: no special abilities


You were on level 3 of the Dungeon.
You were not hungry.

You visited 1 branch of the dungeon, and saw 4 of its levels.
You also visited: Sewer.

You collected 251 gold pieces.

Inventory:

Hand Weapons
 a - a +1 shortbow
 b - a +0 war axe (weapon)
 k - a +0 war axe
 y - a +0 short sword
 D - a +0 dagger of venom
Missiles
 e - 5 arrows
Armour
 c - a +0 leather armour (worn)
 l - a +0 cloak (worn)
 w - a +0 pair of boots
 H - a +0 chain mail
Jewellery
 h - a +6 ring of dexterity (left hand)
 z - a ring of positive energy (right hand)
Scrolls
 g - a scroll of noise
 m - 2 scrolls of magic mapping
 p - a scroll of amnesia
 q - a scroll of enchant weapon {unknown}
 t - 9 scrolls of teleportation {unknown}
 v - a scroll of enchant armour {unknown}
 x - 2 scrolls of blinking {unknown}
 B - 4 scrolls of random uselessness {unknown}
 C - 2 scrolls of fear
 G - a scroll of remove curse {unknown}
Potions
 i - a potion of brilliance
 j - a potion of resistance
 n - 2 potions of lignification
 o - 4 potions of degeneration
 u - a potion of invisibility
 F - 3 potions of flight
Books
 A - a book of Changes

   Spells                             Type                      Level
   a - Beastly Appendage              Transmutation                1
   b - Sticks to Snakes               Transmutation                2
   c - Spider Form                    Transmutation/Poison         3
   d - Ice Form                       Ice/Transmutation            4
   e - Blade Hands                    Transmutation                5
Comestibles
 d - 4 chunks of flesh
 f - a bread ration
 r - 2 royal jellies
 s - 4 meat rations
 E - 4 fruits


   Skills:
 + Level 8.5 Fighting
 + Level 11.6 Bows
 - Level 1.3 Dodging
 - Level 0.4 Stealth


You had 5 spell levels left.
You knew the following spells:

 Your Spells              Type           Power        Failure   Level  Hunger
a - Sticks to Snakes      Tmut           #.......     58%         2    ###....


Dungeon Overview and Level Annotations

Branches:
Dungeon (4/15)
 Temple: D:4-7

Altars:
Cheibriados
Gozag
Kikubaaqudgha
Ru
Sif Muna
Yredelemnul
The Shining One


Innate Abilities, Weirdness & Mutations

You have hooves in place of feet.
Armour fits poorly on your strangely shaped body.
You cover ground very quickly.
You have extremely tough skin. (AC +3)


Message History

The great orb of eyes gazes at you.
You struggle to resist.
Unknown command.
You're too confused to move!
You're too confused to move!
The great orb of eyes gazes at you.
You feel your power leaking away.
You feel less confused. The great orb of eyes gazes at you.
You are confused.
You bump into the rock wall.
The great orb of eyes gazes at you.
You struggle to resist.
You're too confused to move!
You feel less confused. The great orb of eyes bites you!
You see here an arrow.
The great orb of eyes gazes at you.
You are blasted!
You die...

.###########........#
#.#(#
...........'........#
#.#(#
############....(...#
#.#.#
....................#
#.#.#
#.###...............#
#.#.# #.#
#...........G...#
#.#.# #.#
#.......####.####
#.#.### #.# ###'#####
#(# #.#O#.. #.# #.#
#@# #.#.#.. #.#####.#
#(# #.#.#.. ........#
#.# #.#.#.. ..#####.#
#(# #.#o#.. ..#
##########(# #.#.#..
..# #......##(#
#G#.#.. ..#
#......##.# #.#.#..
..# #......##(#
#.#.#.o
..######......##(#
#.#.###


You could see a great orb of eyes.

Vanquished Creatures
  2 two-headed ogres (D:3)
  An ogre (D:3)
  The ghost of MirrMurr the Twirler, an amateur DsGl (D:4)
  A scorpion (D:4)
  2 hounds
  A bullfrog skeleton (D:4)
  An orc wizard (D:3)
  3 worker ants (D:4)
  A hound zombie (D:4)
  A gnoll (D:1)
  6 adders
  9 oozes
  4 worms
  A dart slug (D:1)
  4 leopard geckos
  6 orcs (D:3)
  6 giant cockroaches
  5 goblins
  10 hobgoblins
  13 jackals
  10 kobolds
  A quokka (D:3)
  2 ball pythons
  14 bats
  7 frilled lizards
  A jackal skeleton (D:4)
  10 rats
123 creatures vanquished.

Notes
Turn   | Place    | Note
-------+----------+-------------------------------------------
     0 | D:1      | grindst0ne the Centaur Hunter began the quest for the Orb.
     0 | D:1      | Reached XP level 1. HP: 17/17 MP: 1/1
   464 | D:1      | Reached XP level 2. HP: 25/25 MP: 2/2
   775 | D:1      | Reached skill level 6 in Bows
   775 | D:1      | Reached XP level 3. HP: 30/30 MP: 3/3
  1454 | D:2      | Reached XP level 4. HP: 33/38 MP: 4/4
  2034 | D:3      | Learned a level 2 spell: Sticks to Snakes
  2208 | D:3      | Noticed a two-headed ogre
  2471 | D:3      | Found an ancient bone altar of Kikubaaqudgha.
  2472 | D:3      | Found a sacrificial altar of Ru.
  2472 | D:3      | Found a snail-covered altar of Cheibriados.
  2472 | D:3      | Found a deep blue altar of Sif Muna.
  2486 | D:3      | Found an opulent altar of Gozag.
  2486 | D:3      | Found a basalt altar of Yredelemnul.
  2487 | D:3      | Found a glowing golden altar of the Shining One.
  3428 | D:4      | Reached skill level 7 in Bows
  3429 | D:4      | Found a glowing drain.
  3438 | D:4      | Reached XP level 5. HP: 43/46 MP: 5/5
  3440 | Sewer    | Entered a sewer
  4429 | D:4      | Noticed MirrMurr's ghost (amateur DsGl)
  4606 | D:4      | HP: 2/47 [MirrMurr's ghost (11)]
  4918 | D:4      | Killed MirrMurr's ghost
  4918 | D:4      | Reached XP level 6. HP: 15/55 MP: 6/6
  5193 | D:4      | HP: 2/55 [scorpion (6)]
  5197 | D:4      | Reached skill level 5 in Fighting
  5197 | D:4      | Reached skill level 8 in Bows
  8133 | D:3      | Reached XP level 7. HP: 52/61 MP: 7/7
  9272 | D:3      | Noticed an ogre mage
  9272 | D:3      | Noticed a two-headed ogre
  9272 | D:3      | Noticed a two-headed ogre
  9272 | D:3      | Noticed a two-headed ogre
  9273 | D:3      | Noticed a two-headed ogre
  9334 | D:3      | Reached skill level 9 in Bows
  9356 | D:3      | Killed a two-headed ogre
  9356 | D:3      | Reached skill level 10 in Bows
  9356 | D:3      | Reached XP level 8. HP: 53/73 MP: 8/8
  9808 | D:3      | Killed a two-headed ogre
  9808 | D:3      | Reached skill level 11 in Bows
  9865 | D:3      | Noticed a great orb of eyes
  9967 | D:3      | Paralysed by a great orb of eyes for 2 turns
  9986 | D:3      | Blown up by a great orb of eyes

Vault maps used:
D:1:      dpeg_arrival_stonehenge_8_columns, minmay_tetromino_i2
D:3:      grunt_temple_overflow_open
D:4:      gup_sewer_entry_pipe
Sewer:    sewer_fruit_machine

Skill      XL: |  1  2  3  4  5  6  7  8 |
---------------+-------------------------+-----
Bows           | 6 7 8 10 11 | 11.6
Fighting       | 3 4 5 7 8 |  8.5
Dodging        | |  1.3
Stealth        | |  0.4

Action                   |  1- 3 |  4- 6 |  7- 9 || total
-------------------------+-------+-------+-------++-------
Melee: Short sword       |     9 |       |       ||     9
       Kick              |     3 |    74 |     5 ||    82
       Dagger            |       |    52 |       ||    52
       War axe           |       |   189 |    16 ||   205
 Fire: Shortbow          |    86 |    29 |    56 ||   171
  Use: Scroll            |       |    10 |       ||    10
       Potion            |       |     5 |     1 ||     6
  Eat: Chunk             |     1 |    15 |       ||    16
       Bread ration      |       |     1 |     1 ||     2
Armor: Leather armour    |    26 |    98 |     7 ||   131
Dodge: Dodged            |    33 |   176 |    19 ||   228
